 Dungeon Crawl Stone Soup version 0.23.2-1-ga50397a (webtiles) character file.

Game seed: 13364374749658069512

2459 myga the Poker (level 9, 0/69 HPs)
             Began as a Barachi Berserker on May 9, 2019.
             Was an Elder of Trog.
             Killed by divine providence
             ... invoked by an orc priest
              (14 damage)
             ... on level 7 of the Dungeon.
             The game lasted 00:40:24 (6670 turns).

myga the Poker (Barachi Berserker)                  Turns: 6670, Time: 00:40:26

Health: 0/69       AC: 11    Str: 18    XL:     9   Next: 50%
Magic:  9/9        EV:  6    Int:  8    God:    Trog [****..]
Gold:   438        SH: 16    Dex: 15    Spells: 8/8 levels left

rFire    . . .     SeeInvis .   a - +1 spear
rCold    . . .     Gourm    .   h - +1 large shield
rNeg     . . .     Faith    .   x - +0 chain mail
rPois    .         Spirit   .   b - +0 helmet
rElec    .         Reflect  .   (no cloak)
rCorr    .         Harm     .   (no gloves)
MR       ++...                  (no boots)
Stlth    ..........             (no amulet)
HPRegen  1.21/turn              n - ring of stealth
MPRegen  0.11/turn              (no ring)

@: berserk cooldown, regenerating, slowed, very slow
A: +LOS, swims, slowness 1, strong legs 1
a: Hop, Berserk, Trog's Hand, Brothers in Arms, Renounce Religion


You were on level 7 of the Dungeon.
You worshipped Trog.
Trog was greatly pleased with you.
You were very hungry.

You visited 2 branches of the dungeon, and saw 8 of its levels.

You collected 438 gold pieces.

Inventory:

Hand Weapons
 a - a +1 spear (weapon)
 j - a +0 antimagic hand axe
 t - a +2 quarterstaff of crushing
Missiles
 d - 187 stones (quivered)
 q - 2 silver tomahawks
 v - 11 poisoned needles
 w - 2 tomahawks
 C - 3 poisoned javelins
Armour
 b - a +0 helmet (worn)
 h - a +1 large shield (worn)
 x - a +0 chain mail (worn)
Jewellery
 n - a ring of stealth (left hand)
Wands
 y - a wand of flame (19)
Scrolls
 l - 5 scrolls of teleportation
 m - a scroll of fog
 r - a scroll of remove curse
 s - a scroll of enchant weapon
 B - a scroll of blinking {unknown}
Potions
 e - a potion of lignification
 f - 2 potions of brilliance
 k - 2 potions of invisibility
 o - a potion of heal wounds {unknown}
 p - a potion of magic {unknown}
 u - a potion of mutation {unknown}
Comestibles
 c - 8 rations
 g - 7 chunks of flesh


   Skills:
 + Level 6.0 Fighting
 + Level 1.9(5.4) Axes
 + Level 7.4(7.6) Polearms
 + Level 1.4(5.3) Staves
 + Level 2.4 Throwing
 + Level 6.5 Armour
 + Level 4.7 Dodging
 + Level 1.3 Stealth
 + Level 6.1 Shields
 + Level 0.8 Unarmed Combat


You had 8 spell levels left.
You didn't know any spells.
Your spell library was empty.

Dungeon Overview and Level Annotations

Branches:
Dungeon (7/15)             Temple (1/1) D:6

Altars:
Ashenzari
Cheibriados
Dithmenos
Elyvilon
Fedhas
Gozag
Hepliaklqana
Kikubaaqudgha
Makhleb
Nemelex Xobeh
Okawaru
Qazlal
Ru
Sif Muna
Vehumet
Wu Jian
Xom
Yredelemnul
Zin


Innate Abilities, Weirdness & Mutations

Shadows flee at your approach. (+LOS)
You can swim through water.
You cover ground slowly.
You can hop short distances.


Message History

You block the orc priest's attack.
Your shield and chain mail prevent you from hitting the orc priest.
The orc priest is lightly wounded.
You are feeling very hungry.
The orc priest hits you but does no damage.
You block the orc priest's attack.
You hit the orc priest.
The orc priest is heavily wounded.
You block the orc priest's attack.
The orc priest hits you with a +0 short sword.
Your shield and chain mail prevent you from hitting the orc priest.
The orc priest is heavily wounded.
The orc priest calls down the wrath of Beogh upon you.
Beogh smites you!
* * * LOW HITPOINT WARNING * * *
You hit the orc priest but do no damage.
The orc priest is heavily wounded.
The orc priest invokes the aid of Beogh against you.
Beogh smites you!
You die...

#....... #.......###
#.........#
..........#
(.(o......# #(([...#
####.## ## #.....###
### #.#.#@#.##.##### .
##.#.#o#........ #.
#.........#...# .##.
#.............+ . ...
#####.....#...##.. #.
#.............# #.
#.........##..####.
####..#..........#....
#.....#...##+###.#....


You could see an orc priest.

Vanquished Creatures
  Grinder (D:3)
  Edmund (D:6)
  Duvessa (D:4)
  3 orc warriors (D:7)
  2 sky beasts
  2 ogres
  An ice beast (D:6)
  A centaur (D:5)
  2 bullfrogs
  Dowan (D:4)
  A scorpion (D:4)
  A bullfrog zombie (D:5)
  A jelly (D:6)
  8 orc priests
  Natasha (twice) (D:4)
  4 iguanas
  8 orc wizards
  3 worker ants
  8 gnolls
  A worker ant zombie (D:6)
  5 adders
  A shadow imp (D:7)
  An ooze (D:1)
  An adder zombie (D:6)
  4 dart slugs
  4 worms
  2 leopard geckos (D:2)
  24 orcs
  10 giant cockroaches
  7 goblins
  4 hobgoblins
  3 jackals (D:3)
  5 quokkas
  A ball python (D:5)
  10 bats
  8 frilled lizards
  7 kobolds
  A leopard gecko skeleton (D:4)
  3 rats
153 creatures vanquished.

Notes
Turn   | Place    | Note
-------+----------+-------------------------------------------
     0 | D:1      | myga the Barachi Berserker began the quest for the Orb.
     0 | D:1      | Reached XP level 1. HP: 18/18 MP: 1/1
   144 | D:1      | Reached XP level 2. HP: 22/25 MP: 2/2
   460 | D:1      | Reached XP level 3. HP: 28/30 MP: 3/3
   497 | D:1      | Reached ** piety under Trog
   534 | D:2      | Found a faded altar of an unknown god.
   811 | D:2      | Noticed a sky beast
   838 | D:2      | Killed a sky beast
   838 | D:2      | Reached skill level 4 in Polearms
   838 | D:2      | Reached skill level 1 in Shields
   838 | D:2      | Reached XP level 4. HP: 19/38 MP: 4/4
   838 | D:2      | Reached XP level 5. HP: 22/43 MP: 5/5
  1258 | D:2      | Reached skill level 1 in Throwing
  1489 | D:3      | Reached XP level 6. HP: 36/49 MP: 6/6
  1496 | D:3      | Reached skill level 5 in Polearms
  1698 | D:3      | Reached skill level 1 in Axes
  1970 | D:3      | Reached *** piety under Trog
  2129 | D:3      | Reached XP level 7. HP: 48/55 MP: 7/7
  2190 | D:3      | Noticed Grinder
  2201 | D:3      | Killed Grinder
  2738 | D:4      | Found an opulent altar of Gozag.
  2971 | D:4      | Noticed Dowan
  2972 | D:4      | Noticed Duvessa
  3001 | D:4      | Killed Duvessa
  3001 | D:4      | Reached skill level 5 in Fighting
  3005 | D:4      | Killed Dowan
  3005 | D:4      | Reached skill level 6 in Polearms
  3005 | D:4      | Reached XP level 8. HP: 52/62 MP: 8/8
  3230 | D:4      | Found a hazy altar of Hepliaklqana.
  3236 | D:4      | Noticed Natasha
  3248 | D:4      | Killed Natasha
  3548 | D:4      | Noticed Natasha
  3561 | D:4      | Killed Natasha
  3561 | D:4      | Reached skill level 5 in Armour
  3646 | D:5      | Entered Level 5 of the Dungeon
  4037 | D:5      | Found a shattered altar of Ashenzari.
  4125 | D:5      | Reached skill level 1 in Staves
  4707 | D:6      | Noticed Edmund
  4733 | D:6      | Killed Edmund
  5179 | D:6      | Reached skill level 1 in Stealth
  5243 | D:6      | Reached skill level 5 in Shields
  5243 | D:6      | Reached XP level 9. HP: 22/69 MP: 9/9
  5552 | D:6      | Found a white marble altar of Elyvilon.
  5612 | D:6      | Received a gift from Trog
  5943 | D:6      | Reached skill level 7 in Polearms
  6010 | D:6      | Reached **** piety under Trog
  6198 | D:6      | Found a staircase to the Ecumenical Temple.
  6204 | Temple   | Entered the Ecumenical Temple
  6670 | D:7      | Killed from afar by an orc priest

Skill      XL: |  1  2  3  4  5  6  7  8  9 |
---------------+----------------------------+-----
Fighting       | 4 5 6 |  6.0
Polearms       | 4 5 6 7 |  7.4
Armour         | 3 4 6 |  6.5
Shields        | 1 2 3 5 6 |  6.1
Throwing       | 1 2 |  2.4
Axes           | 1 |  1.9
Dodging        | 3 4 |  4.7
Staves         | 1 |  1.4
Stealth        | 1 |  1.3
Unarmed Combat | |  0.8

Action                   |  1- 3 |  4- 6 |  7- 9 || total
-------------------------+-------+-------+-------++-------
Melee: Spear             |   151 |   126 |   567 ||   844
       Hand axe          |       |    33 |       ||    33
       Quarterstaff      |       |       |    13 ||    13
       Unarmed           |       |       |     9 ||     9
Throw: Stone             |    29 |    34 |    63 ||   126
       Tomahawk          |       |       |     1 ||     1
Invok: Berserk           |     1 |     4 |    10 ||    15
       Trog's Hand       |       |     1 |     4 ||     5
 Abil: Hop               |     1 |       |     1 ||     2
  Use: Scroll            |       |     6 |     6 ||    12
       Potion            |       |       |     1 ||     1
 Stab: Sleeping          |       |       |     2 ||     2
  Eat: Chunk             |       |    10 |    22 ||    32
       Ration            |       |       |     1 ||     1
Armor: Scale mail        |    36 |    51 |    71 ||   158
       Skin              |       |       |     4 ||     4
       Chain mail        |       |       |    11 ||    11
Dodge: Dodged            |    21 |    20 |    94 ||   135
Block: Large shield      |    58 |    71 |   302 ||   431
